 Dungeon Crawl Stone Soup version 0.25.0-26-g0c896c7088 (webtiles) character file.

Game seed: 13849005554760659479

368 MisterFreud the Digger (level 6, -2/38 (51) HPs)
             Began as a Ghoul Earth Elementalist on July 1, 2020.
             Was a Follower of Makhleb.
             Slain by an ufetubus (5 damage)
             ... summoned by Eustachio
             ... on level 6 of the Dungeon.
             The game lasted 00:11:06 (6625 turns).

MisterFreud the Digger (Ghoul Earth Elementalist)   Turns: 6625, Time: 00:11:06

HP:   -2/38 (51)    AC:  0    Str: 12    XL:     6   Next: 69%
MP:   11/11         EV: 12    Int: 12    God:    Makhleb [*.....]
Gold: 282           SH:  0    Dex:  9    Spells: 9/13 levels left

rFire    . . .     SeeInvis +   f - +2 rapier (venom)
rCold    + . .     Gourm    .   (no shield)
rNeg     + + +     Faith    .   c - +0 robe
rPois    ∞         Spirit   .   (no helmet)
rElec    .         Reflect  .   x - +1 cloak
rCorr    .         Harm     .   (no gloves)
MR       .....                  (no boots)
Stlth    ++........             (no amulet)
HPRegen  0.00/turn              k - ring of see invisible
MPRegen  0.12/turn              (no ring)

@: corroded, rotting
A: rotting body, claws 1, carnivore, cold resistance 1, negative energy
resistance 3, inhibited regeneration, torment resistance, unbreathing
a: Renounce Religion


You were on level 6 of the Dungeon.
You worshipped Makhleb.
Makhleb was aware of your devotion.
You were not hungry.

You visited 1 branch of the dungeon, and saw 6 of its levels.
You also visited: Ossuary.

You collected 282 gold pieces.

Inventory:

Hand Weapons
 f - a +2 rapier of venom (weapon)
 q - a +0 dagger
 u - a +0 hand axe of flaming
Missiles
 b - 77 stones (quivered)
Armour
 c - a +0 robe (worn)
 x - a +1 cloak (worn)
Jewellery
 k - a ring of see invisible (left claw)
Wands
 y - a wand of polymorph (3)
Scrolls
 e - 6 scrolls of remove curse
 i - 2 scrolls of magic mapping
 l - a scroll of immolation
 m - a scroll of noise {unknown}
 n - 2 scrolls of teleportation
 p - a scroll of amnesia
 r - a scroll of random uselessness {unknown}
 s - 2 scrolls of blinking {unknown}
 w - 2 scrolls of enchant weapon {unknown}
Potions
 a - 2 potions of stabbing
 g - 2 potions of brilliance
 h - a potion of magic
 j - 2 potions of heal wounds
 o - a potion of haste {unknown}
 t - a potion of berserk rage {unknown}
 v - a potion of might {unknown}
Comestibles
 d - 4 rations


   Skills:
 - Level 3.0 Fighting
 - Level 1.7 Dodging
 - Level 2.1 Stealth
 - Level 4.0 Spellcasting
 * Level 2.4 Conjurations
   Level 0.8 Transmutations
 + Level 4.1 Earth Magic


You had 9 spell levels left.
You knew the following spells:

 Your Spells              Type           Power        Failure   Level  Hunger
a - Sandblast             Erth           ##....       4%          1    #......
b - Stone Arrow           Conj/Erth      ##....       17%         3    ###....

Your spell library contained the following spells:

 Spells                   Type           Power        Failure   Level  Hunger
 Passwall                 Tmut/Erth      #.......     12%         2    ##.....
 Confusing Touch          Hex            #.......     54%         3    ###....
 Gell's Gravitas          Tloc           #.........   54%         3    ###....
 Petrify                  Tmut/Erth      #.......     61%         4    #####..
 Lee's Rapid Deconstruct  Erth           ##........   73%         5    ######.
 Metabolic Englaciation   Hex/Ice        #.........   99%         5    ######.
 Yara's Violent Unravell  Hex/Tmut       #.........   99%         5    ######.


Dungeon Overview and Level Annotations

Branches:
Dungeon (6/15)             Temple (0/1) D:5         Ossuary (visited)

Altars:
Ashenzari
Fedhas
Kikubaaqudgha
Makhleb
Qazlal
Wu Jian

Shops:
D:5 }*=

Annotations:
D:6 Eustachio


Innate Abilities, Weirdness & Mutations

Your body is rotting away.
You thrive on raw meat.
You are immune to poison.
You have sharp fingernails.
You are carnivorous and can eat meat at any time.
Your flesh is cold resistant. (rC+)
You are immune to negative energy. (rN+++)
You do not regenerate when monsters are visible.
You are immune to unholy pain and torment.
You can survive without breathing.


Message History

You barely miss the jelly.
The jelly is severely wounded.
The jelly hits you. The acid corrodes you!
You are splashed with acid!
You hit the jelly.
Your claws burn!
The jelly is almost dead.
You kill the jelly!
Makhleb accepts your kill. The ufetubus completely misses you.
The ufetubus closely misses you.
Eustachio mumbles some strange words.
Eustachio blinks!
The ufetubus hits you.
* * * LOW HITPOINT WARNING * * *
The ufetubus hits you.
* * * LOW HITPOINT WARNING * * *
The ufetubus closely misses you. The ufetubus misses you.
You eat one of the 5 rations.
That ration really hit the spot!
The ufetubus hits you.
* * * LOW HITPOINT WARNING * * *
The ufetubus hits you.
You die...

#..#
##..#####
#......<#
#@.>######
#.§.r@...#
#.#.####.#
#.#.#
########.#.#
#...@5r..#.#
#.########.#
#.# ..


You could see an ufetubus (summoned) and a rat (summoned).

Vanquished Creatures
  A hound (D:4)
  2 jellies
  An orc priest (D:3)
  A gnoll shaman (D:3)
  Jessica (D:3)
  4 gnolls
  5 adders
  An ooze (D:2)
  An adder skeleton (D:4)
  3 dart slugs
  A leopard gecko (D:5)
  17 orcs
  7 bats
  3 giant cockroaches
  5 goblins
  3 hobgoblins
  4 jackals (D:2)
  4 kobolds
  A quokka (D:3)
  2 ball pythons (D:2)
  4 frilled lizards
  A goblin zombie (Ossuary)
  11 hobgoblin zombies (Ossuary)
  4 kobold zombies (Ossuary)
  6 orc zombies (Ossuary)
  A quokka skeleton (D:4)
  3 rats
  A rat zombie (Ossuary)
98 creatures vanquished.

Notes
Turn   | Place    | Note
-------+----------+-------------------------------------------
     0 | D:1      | MisterFreud the Ghoul Earth Elementalist began the quest
                  | for the Orb.
     0 | D:1      | Reached XP level 1. HP: 14/14 MP: 2/2
   102 | D:1      | Reached skill level 1 in Fighting
   347 | D:1      | Reached XP level 2. HP: 7/24 MP: 0/3
  1290 | D:2      | Reached XP level 3. HP: 19/30 MP: 0/4
  1485 | D:2      | Learned a level 3 spell: Stone Arrow
  1844 | D:2      | Found an ornate altar of the Wu Jian Council.
  2178 | D:2      | Reached XP level 4. HP: 33/38 MP: 6/6
  3082 | D:3      | Noticed Jessica
  3088 | D:3      | Killed Jessica
  3257 | D:2      | Reached XP level 5. HP: 38/45 MP: 9/9
  3593 | D:3      | Found a burning altar of Makhleb.
  3593 | D:3      | Found a stormy altar of Qazlal.
  3593 | D:3      | Found a blossoming altar of Fedhas.
  3738 | D:3      | Became a worshipper of Makhleb the Destroyer
  4805 | D:4      | Reached skill level 1 in Conjurations
  4831 | D:3      | Reached XP level 6. HP: 12/51 MP: 4/11
  5432 | D:5      | Entered Level 5 of the Dungeon
  5447 | D:5      | Found a sand-covered staircase.
  5456 | Ossuary  | Entered an ossuary
  5581 | Ossuary  | Reached * piety under Makhleb
  5720 | Ossuary  | HP: 2/51 [elf zombie (5)]
  6192 | D:5      | Found a shattered altar of Ashenzari.
  6199 | D:5      | Found Exuwk's Gadget Shop.
  6249 | D:5      | Found an ancient bone altar of Kikubaaqudgha.
  6263 | D:5      | Found Itiy's Assorted Antiques.
  6270 | D:5      | Found Qajeodol's Jewellery Shoppe.
  6435 | D:5      | Found a staircase to the Ecumenical Temple.
  6603 | D:6      | Noticed Eustachio
  6625 | D:6      | Slain by an ufetubus

Illustrated notes

Levels and vault maps discovered:
D:1:      heliophobic_arrival_enchanted_forest, layout_basic
D:2:      layout_loops_ring, old_standard_altar
D:3:      layout_basic, chequers_temple_overflow_statue_of_worship,
          grunt_decor_arrowhead, uniq_jessica
D:4:      layout_gridville
D:5:      layout_cave_pools, lemuel_round_altar, lemuel_crystal_altar,
          minmay_temple_entry_drinking_statues, first_ration, serial_shops,
          shop_fountains, kennysheep_mini, shop_statue,
          nicolae_ossuary_entry_ruins
D:6:      layout_basic, grunt_dithmenos_smoke_and_mirrors, basic_altar,
          hangedman_abyss_or_decor_lesser_grid, uniq_pikel, uniq_eustachio

Skill      XL: |  1  2  3  4  5  6 |
---------------+-------------------+-----
Fighting       | 1 2 3 |  3.0
Spellcasting   | 2 3 4 |  4.0
Conjurations   | 1 2 |  2.4
Earth Magic    | 4 |  4.1
Dodging        | |  1.7
Stealth        | |  2.1
Transmutations | |  0.8

Action                   |  1- 3 |  4- 6 || total
-------------------------+-------+-------++-------
Melee: Unarmed           |     8 |       ||     8
       Club              |    48 |       ||    48
       Dagger            |    31 |   108 ||   139
       Rapier            |       |   143 ||   143
 Cast: Sandblast         |    26 |    57 ||    83
  Use: Scroll            |     1 |    11 ||    12
       Potion            |       |     4 ||     4
 Stab: Sleeping          |     3 |     4 ||     7
  Eat: Chunk             |     5 |    11 ||    16
       Ration            |       |     2 ||     2
Armor: Robe              |    14 |    59 ||    73
Dodge: Dodged            |    69 |   204 ||   273
